 Dungeon Crawl Stone Soup version 0.26.0-10-g1f06aea511 (webtiles) character file.

Game seed: 5520839094845243750

3727 MajorAdolf the Covert (level 10, -9/97 HPs)
             Began as a Naga Wanderer on Jan 16, 2021.
             Was a Follower of Ashenzari.
             Mangled by Grum
             ... wielding a -2 halberd
              (13 damage)
             ... on level 9 of the Dungeon.
             The game lasted 00:25:20 (11962 turns).

MajorAdolf the Covert (Naga Wanderer)              Turns: 11962, Time: 00:25:20

Health: -9/97      AC: 16    Str: 16    XL:     10   Next: 14%
Magic:  0/16       EV:  7    Int: 15    God:    Ashenzari [*.....]
Gold:   379        SH:  0    Dex: 10    Spells: 3/17 levels left

rFire    x . .     SeeInvis +   j - +4 war axe (curse)
rCold    + . .     Faith    .   (no shield)
rNeg     . . .     Spirit   +   e - +0 robe (curse)
rPois    +         Reflect  .   r - +0 helmet (curse)
rElec    .         Harm     .   (no cloak)
rCorr    .         Rampage  .   (no gloves)
Will     +....                  i - +0 barding
Stlth    +++++.....             x - amulet of guardian spirit (curse)
HPRegen  0.26/turn              t - ring of wizardry (curse)
MPRegen  0.15/turn              o - ring of ice

@: icy armour, very slow
A: large, see invisible, deformed body, poison resistance, slowness 2, spit
poison 1, AC +3
a: Spit Poison, Renounce Religion, Curse Item, Scrying


You were on level 9 of the Dungeon.
You worshipped Ashenzari.
Ashenzari was aware of your devotion.
You visited 1 branch of the dungeon, and saw 10 of its levels.

You collected 469 gold pieces.
You spent 90 gold pieces at shops.

Inventory:

Hand Weapons
 a - a +2 hand crossbow
 c - a +0 mace
 f - a cursed +0 dagger
 j - a cursed +4 war axe (weapon)
 k - a cursed +0 broad axe of electrocution
Missiles
 b - 23 bolts
 B - 8 poisoned darts (quivered)
Armour
 e - a cursed +0 robe (worn)
 i - a +0 barding (worn)
 r - a cursed +0 helmet (worn)
 u - a cursed +0 cloak
 y - a +2 robe of resistance
Jewellery
 h - a cursed amulet of inaccuracy
 o - a ring of ice (right hand)
 t - a cursed ring of wizardry (left hand)
 x - a cursed amulet of guardian spirit (around neck)
Wands
 A - a wand of paralysis (10)
Scrolls
 d - a scroll of random uselessness {unknown}
 l - 2 scrolls of amnesia {unknown}
 m - 2 scrolls of blinking
 n - a scroll of identify
 p - 3 scrolls of teleportation
 q - 2 scrolls of fear
 v - 4 scrolls of enchant weapon
 G - a scroll of fog {unknown}
Potions
 g - a potion of degeneration
 s - 5 potions of curing
 w - 2 potions of attraction
 z - a potion of ambrosia
 C - 3 potions of mutation {unknown}
 E - a potion of flight
 H - 2 potions of brilliance


   Skills:
 + Level 8.3 Fighting
 + Level 3.1 Axes
 - Level 1.7 Bows
 - Level 2.6 Crossbows
 - Level 1.5 Armour
 + Level 11.4 Stealth
 + Level 4.0 Spellcasting
 + Level 4.5 Ice Magic
 - Level 3.0 Air Magic
 - Level 5.0 Poison Magic


You had 3 spell levels left.
You knew the following spells:

 Your Spells              Type           Power        Failure   Level
a - Freeze                Ice            96%          1%          1
b - Frozen Ramparts       Ice            48%          3%          3
c - Poisonous Vapours     Pois/Air       30%          2%          2
d - Ozocubu's Armour      Ice            24%          3%          3
e - Mephitic Cloud        Conj/Pois/Air  11%          8%          3
f - Blink                 Tloc           N/A          11%         2

Your spell library contained the following spells:

 Spells                   Type           Power        Failure   Level
 Sting                    Tmut/Pois      40%          2%          1
 Foxfire                  Conj/Fire      12%          8%          1
 Magic Dart               Conj           12%          8%          1
 Call Imp                 Summ           3%           11%         2
 Slow                     Hex            3%           11%         2
 Ignite Poison            Fire/Tmut/Pois 8%           11%         3
 Conjure Flame            Conj/Fire      3%           21%         3
 Inner Flame              Hex/Fire       3%           21%         3
 Olgreb's Toxic Radiance  Pois           18%          9%          4
 Hailstorm                Conj/Ice       14%          26%         4
 Summon Ice Beast         Ice/Summ       14%          26%         4
 Sticky Flame             Conj/Fire      3%           54%         4
 Fireball                 Conj/Fire      1%           86%         5


Dungeon Overview and Level Annotations

Branches:
Dungeon (10/15)            Temple (0/1) D:4
   Lair: D:8-11         Orc: D:9-12

Altars:
Ashenzari
Elyvilon
Kikubaaqudgha
Makhleb
Okawaru
Qazlal
Ru
Uskayaw
Vehumet
Wu Jian
Xom
Yredelemnul

Shops:
D:7 ?

Annotations:
D:8 Maggie
D:9 Grum


Innate Abilities, Weirdness & Mutations

You cannot wear boots.
Your serpentine skin is tough. (AC +3)
You have supernaturally acute eyesight. (SInv)
Armour fits poorly on your strangely shaped body.
Your system is resistant to poisons. (rPois)
You cover ground very slowly.
You can spit poison.


Message History

Unknown command.
You barely miss Grum.
Grum is severely wounded.
You barely miss the wolf. The wolf bites you but does no damage.
Grum hits you but does no damage. The wolf completely misses you.
Unknown command.
You slash Grum!
Grum is almost dead.
You miss the wolf. The wolf bites you!
* * * LOW HITPOINT WARNING * * *
Grum hits you with a -2 halberd!
* * * LOW HITPOINT WARNING * * *
The wolf bites you but does no damage. x2
You feel better. Grum hits you with a -2 halberd!
* * * LOW HITPOINT WARNING * * *
The wolf barely misses you.
You feel better. The wolf bites you!
* * * LOW HITPOINT WARNING * * *
Grum hits you with a -2 halberd!
You die...

≈≈...# #......# ≈≈≈...#
#....).# ≈≈≈..<#
#......# .. ...#
#......# #. #..#
#......# #. #..#
#......# . #. #..#
#......#
....##g##..#####......#
>....hh@(..(..........#
#######################


You could see Grum and 2 wolves.

Vanquished Creatures
  Pikel (D:9)
  A troll (D:8)
  Eustachio (D:6)
  Menkaure (D:5)
  An orc warrior (D:8)
  A sky beast (D:6)
  A necrophage (D:6)
  A phantom (D:6)
  An ice beast (D:6)
  2 ogres
  4 centaurs
  A lemure (D:9)
  2 big kobolds
  A bullfrog (D:7)
  4 scorpions
  A water moccasin skeleton (D:6)
  3 killer bees (D:7)
  4 wights (D:7)
  A howler monkey (D:4)
  A centaur zombie (D:6)
  A bullfrog zombie (D:6)
  3 orc priests
  3 hounds
  3 jellies
  6 orc wizards
  A bullfrog skeleton (D:5)
  An iguana (D:4)
  Natasha (thrice) (D:3)
  9 worker ants
  A howler monkey skeleton (D:5)
  Robin (D:3)
  12 adders
  3 gnolls (D:4)
  A white imp (D:5)
  An ufetubus (D:5)
  An ooze (D:4)
  An adder skeleton (D:6)
  2 worms
  2 dart slugs
  3 leopard geckos
  19 orcs
  A ball python (D:3)
  11 bats
  4 giant cockroaches
  13 goblins
  12 hobgoblins
  16 jackals
  12 kobolds
  4 quokkas
  5 frilled lizards
  A leopard gecko zombie (D:6)
  6 rats
195 creatures vanquished.

Notes
Turn   | Place    | Note
-------+----------+-------------------------------------------
     0 | D:1      | MajorAdolf the Naga Wanderer began the quest for the Orb.
     0 | D:1      | MajorAdolf set off with the following items: a +2 hand
                  | crossbow, 21 bolts, a +0 mace, a potion of lignification, a
                  | +0 robe, a +0 dagger
     0 | D:1      | Reached XP level 1. HP: 18/18 MP: 1/1
    94 | D:1      | Reached XP level 2. HP: 26/26 MP: 2/2
   421 | D:1      | Reached XP level 3. HP: 33/33 MP: 3/3
   936 | D:2      | Found a shimmering altar of Xom.
  1174 | D:2      | Reached XP level 4. HP: 44/44 MP: 4/4
  1310 | D:2      | Reached skill level 4 in Stealth
  1407 | D:2      | Found a stormy altar of Qazlal.
  1732 | D:3      | Noticed Robin
  1734 | D:3      | Reached XP level 5. HP: 49/50 MP: 5/5
  2151 | D:3      | Killed Robin
  2217 | D:3      | Noticed Natasha
  2220 | D:3      | Killed Natasha
  2236 | D:3      | Reached skill level 5 in Stealth
  2411 | D:3      | Found an iron altar of Okawaru.
  2514 | D:3      | Found a broken altar of Ashenzari.
  2545 | D:3      | Reached XP level 6. HP: 60/60 MP: 6/6
  2545 | D:3      | Noticed Natasha
  2551 | D:3      | Killed Natasha
  2846 | D:3      | Noticed Natasha
  2849 | D:3      | Killed Natasha
  2850 | D:3      | Reached skill level 5 in Fighting
  2850 | D:3      | Reached skill level 6 in Stealth
  3040 | D:3      | Became a worshipper of Ashenzari the Shackled
  3066 | D:4      | Found a staircase to the Ecumenical Temple.
  3163 | D:4      | Found a white marble altar of Elyvilon.
  3305 | D:4      | Found a sacrificial altar of Ru.
  3307 | D:4      | Identified the +8 chain mail of the Ecumenical Temple
                  | {rElec}
  3311 | D:4      | Reached skill level 7 in Stealth
  3311 | D:4      | Reached XP level 7. HP: 67/67 MP: 7/7
  3738 | D:5      | Entered Level 5 of the Dungeon
  3743 | D:5      | Reached skill level 8 in Stealth
  3900 | D:5      | Noticed Eustachio
  3918 | D:6      | Killed Eustachio
  3929 | D:6      | Reached skill level 9 in Stealth
  3977 | D:5      | Learned a level 1 spell: Freeze
  3981 | D:5      | Learned a level 3 spell: Frozen Ramparts
  4018 | D:5      | Reached XP level 8. HP: 78/78 MP: 8/8
  4393 | D:5      | Noticed Menkaure
  4402 | D:5      | Killed Menkaure
  4403 | D:5      | Reached skill level 1 in Spellcasting
  4403 | D:5      | Reached skill level 1 in Ice Magic
  5057 | D:6      | Learned a level 2 spell: Poisonous Vapours
  5080 | D:6      | Found a hide-covered altar of Uskayaw.
  5161 | D:6      | Reached skill level 1 in Poison Magic
  5178 | D:6      | Reached skill level 1 in Air Magic
  6441 | D:6      | Reached skill level 10 in Stealth
  6537 | D:6      | Learned a level 3 spell: Ozocubu's Armour
  6905 | D:6      | Found an ancient bone altar of Kikubaaqudgha.
  6911 | D:6      | Found a basalt altar of Yredelemnul.
  6911 | D:6      | Found a burning altar of Makhleb.
  6914 | D:6      | Found a radiant altar of Vehumet.
  7038 | D:6      | Reached XP level 9. HP: 37/86 MP: 7/12
  7251 | D:6      | Found an ornate altar of the Wu Jian Council.
  7443 | D:7      | Learned a level 3 spell: Mephitic Cloud
  8049 | D:7      | Reached skill level 1 in Axes
  8282 | D:7      | Reached * piety under Ashenzari
  8325 | D:7      | Found Zeefrem's Magic Scroll Shoppe.
  8328 | D:7      | Bought a scroll of blinking for 90 gold pieces
  9575 | D:7      | Learned a level 2 spell: Blink
 10110 | D:8      | HP: 2/85 [orc warrior/+0 flail (21)]
 10111 | D:8      | Noticed Maggie
 10973 | D:7      | Reached skill level 11 in Stealth
 11068 | D:8      | Noticed a troll
 11165 | D:7      | Identified 2 scrolls of acquirement
 11166 | D:7      | Acquired a cursed +0 broad axe of electrocution
 11171 | D:7      | Acquired a book of Flames
 11320 | D:8      | Killed a troll
 11528 | D:9      | Found an iron altar of Okawaru.
 11605 | D:10     | Entered Level 10 of the Dungeon
 11740 | D:9      | Noticed Pikel
 11747 | D:9      | Killed Pikel
 11748 | D:9      | Reached skill level 5 in Poison Magic
 11748 | D:9      | Reached XP level 10. HP: 92/97 MP: 5/16
 11938 | D:9      | Noticed Grum
 11961 | D:9      | HP: 4/97 [Grum/-2 halberd (9)]
 11962 | D:9      | Mangled by Grum

Illustrated notes

Levels and vault maps discovered:
D:1:      psy_arrival_whirlpool, layout_basic
D:2:      layout_loops_ring, lemuel_round_altar, nicolae_overflow_crystal_walls,
          serial_forest, infiniplex_forest_diagonal,
          infiniplex_forest_lined_ring, infiniplex_forest_corner_1,
          infiniplex_forest_clump_medium, infiniplex_forest_clump_diagonal,
          infiniplex_forest_straight_5, infiniplex_forest_lined_4_way
D:3:      layout_loops_ring, overflow_temple_1_default,
          cheibrodos_ashenzari_chains, minmay_close_crescents, uniq_natasha,
          uniq_robin
D:4:      layout_basic, lemuel_crystal_altar, overflow_temple_1_default,
          temple_pool_b
D:5:      layout_loops_cross, kennysheep_generic_room_16, uniq_eustachio,
          uniq_menkaure
D:6:      layout_rooms, lemuel_doored_altar, grunt_temple_overflow_open,
          pdpol_wu_jian_five_deadly_venoms, gammafunk_ghost_hive
D:7:      layout_loops_ring, serial_shops, shop
D:8:      layout_cave_pools, serial_column_ruins, column_ruins_square_medium,
          column_ruins_open_small, column_ruins_open_large, column_ruins_grid_1,
          column_ruins_corridor_corner, column_ruins_columns_straight,
          column_ruins_grid_3, uniq_maggie
D:9:      layout_long_grid, erik_orc_2, okawaru_ov_weapons_minmay, uniq_pikel,
          uniq_maurice, uniq_grum
D:10:     layout_loops_ring, dpeg_oklobed_lair, uniq_nergalle, uniq_psyche

Skill      XL: |  1  2  3  4  5  6  7  8  9 |
---------------+----------------------------+-----
Fighting       | 2 3 4 5 6 7 8 |  8.3
Stealth        | 4 5 7 9 10 11 | 11.4
Spellcasting   | 2 4 |  4.0
Ice Magic      | 2 4 |  4.5
Poison Magic   | 2 5 |  5.0
Air Magic      | 1 3 |  3.0
Axes           | 3 |  3.1
Bows           | |  1.7
Crossbows      | |  2.6
Armour         | |  1.5

Action                   |  1- 3 |  4- 6 |  7- 9 | 10-12 || total
-------------------------+-------+-------+-------+-------++-------
Melee: Dagger            |       |       |   202 |       ||   202
       Hand crossbow     |       |       |     5 |       ||     5
       War axe           |       |       |    40 |    12 ||    52
 Fire: Hand crossbow     |    67 |   138 |   152 |       ||   357
 Cast: Freeze            |       |       |    10 |       ||    10
       Poisonous Vapours |       |       |    71 |       ||    71
       Frozen Ramparts   |       |       |     5 |     1 ||     6
       Ozocubu's Armour  |       |       |     8 |     4 ||    12
       Mephitic Cloud    |       |       |     1 |       ||     1
Invok: Curse Item        |       |     3 |     3 |       ||     6
 Abil: Spit Poison       |       |       |     6 |       ||     6
  Use: Scroll            |       |       |    15 |       ||    15
       Potion            |       |       |     4 |     2 ||     6
 Stab: Sleeping          |       |       |     1 |       ||     1
Armor: Robe              |     7 |    15 |   120 |    16 ||   158
       Skin              |       |       |     3 |       ||     3
Dodge: Dodged            |     9 |    42 |   172 |    11 ||   234
